General information
- name: BNet
- type: Ladder team game (AT/RT)
- host: Battle.net
- saver: CloakOfFlames
map: FullScaleAssault
- players: 8
- length: 54:20
- speed: Fast
- version: 1.26 W3XP
- replay type: Public
» download(292 KB)
Players
team 1 (winner)

»
PhiuckYiu (
pink | 26 APM | 533 actions | 20:47)
4 Crypt Lord
1 Carrion Beetles
1 Impale
2 Spiked Carapace
» actions
| Basic commands | 12 | |
| Build / train | 62 | |
| Enter build submenu | 29 | |
| Enter hero's abilities submenu | 4 | |
| Right click | 213 | |
| Select / deselect | 175 | |
| Use ability | 38 | |
533 total
» units
| Acolyte | 8 | |
| Ghoul | 17 | |
| Gargoyle | 8 | |
| Frost Wyrm | 4 | |
37 total
» upgrades
| Unholy Strength | 1 | |
| Unholy Armor | 1 | |
| Creature Attack | 3 | |
| Creature Carapace | 2 | |
| Freezing Breath | 1 | |
8 total
» buildings
| Altar of Darkness | 1 | |
| Ziggurat | 11 | |
| Graveyard | 1 | |
| Crypt | 1 | |
| Tomb of Relics | 2 | |
| Halls of the Dead | 1 | |
| Nerubian Tower | 4 | |
| Black Citadel | 1 | |
| Sacrificial Pit | 1 | |
| Boneyard | 3 | |
| Spirit Tower | 1 | |
| Temple of the Damned | 1 | |
| Slaughterhouse | 1 | |
29 total
» build order
00:05 Altar of Darkness
00:07 Ziggurat
01:02 Graveyard
01:07 Crypt
01:37 Ziggurat
01:46 Tomb of Relics
02:46 Ziggurat
03:27 Halls of the Dead
03:33 Nerubian Tower
04:13 Nerubian Tower
07:28 Ziggurat
07:32 Ziggurat
07:34 Ziggurat
07:41 Tomb of Relics
08:47 Nerubian Tower
09:35 Black Citadel
10:02 Sacrificial Pit
10:56 Ziggurat
10:58 Ziggurat
13:17 Boneyard
13:20 Boneyard
13:21 Boneyard
13:28 Nerubian Tower
14:02 Ziggurat
14:05 Ziggurat
14:13 Ziggurat
16:14 Spirit Tower
16:41 Temple of the Damned
16:44 Slaughterhouse
» items
| Rod of Necromancy | 1 | |
| Sacrificial Skull | 1 | |
| Potion of Healing | 1 | |
| Periapt of Vitality | 1 | |
| Circlet of Nobility | 1 | |
5 total
PITIFUL-BULLDOG (
teal | 61 APM | 3297 actions | 54:20)
10 Blademaster
3 Wind Walk
3 Critical Strike
1 Bladestorm
3 Mirror Image
2 Crypt Lord
1 Spiked Carapace
1 Locust Swarm
» actions
| Assign group hotkey | 117 | |
| Basic commands | 2 | |
| Build / train | 86 | |
| Enter build submenu | 21 | |
| Enter hero's abilities submenu | 12 | |
| Give item / drop item | 9 | |
| Right click | 1327 | |
| Select / deselect | 359 | |
| Select group hotkey | 1099 | |
| Use ability | 265 | |
3297 total
» units
| Peon | 9 | |
| Wind Rider | 4 | |
| Goblin Shredder | 2 | |
| Goblin Zeppelin | 5 | |
| Raider | 4 | |
| Frost Wyrm | 3 | |
| Blue Dragon | 1 | |
28 total
» upgrades
| Ranged Weapons | 3 | |
| Armor | 3 | |
| Envenomed Spears | 1 | |
| Reinforced Defenses | 1 | |
| Ensnare | 1 | |
| Melee Weapons | 3 | |
| Liquid Fire | 1 | |
13 total
» buildings
| Altar of Storms | 1 | |
| Orc Burrow | 10 | |
| Stronghold | 4 | |
| Voodoo Lounge | 1 | |
| War Mill | 1 | |
| Beastiary | 6 | |
| Fortress | 3 | |
| Watch Tower | 38 | |
| Ziggurat | 4 | |
| Great Hall | 2 | |
70 total
» build order
00:20 Altar of Storms
00:25 Orc Burrow
02:10 Orc Burrow
02:21 Stronghold
02:21 Stronghold
02:29 Voodoo Lounge
02:53 War Mill
03:12 Orc Burrow
03:14 Orc Burrow
05:32 Beastiary
05:34 Beastiary
05:38 Fortress
11:09 Watch Tower
11:09 Watch Tower
11:09 Watch Tower
11:11 Watch Tower
11:13 Watch Tower
11:14 Watch Tower
11:15 Watch Tower
11:16 Watch Tower
11:16 Watch Tower
11:38 Beastiary
11:39 Beastiary
12:16 Watch Tower
12:16 Watch Tower
12:21 Watch Tower
12:22 Watch Tower
12:42 Orc Burrow
14:52 Stronghold
14:52 Stronghold
16:24 Watch Tower
16:25 Watch Tower
16:25 Watch Tower
16:25 Watch Tower
16:26 Watch Tower
17:41 Orc Burrow
17:42 Orc Burrow
18:51 Watch Tower
18:53 Watch Tower
18:53 Watch Tower
21:06 Fortress
21:06 Fortress
21:11 Watch Tower
21:12 Watch Tower
21:13 Watch Tower
21:13 Watch Tower
21:13 Watch Tower
21:15 Watch Tower
21:15 Watch Tower
21:15 Watch Tower
21:16 Watch Tower
21:16 Watch Tower
21:17 Watch Tower
21:18 Watch Tower
21:19 Watch Tower
21:19 Watch Tower
21:21 Watch Tower
21:22 Watch Tower
21:23 Watch Tower
28:04 Ziggurat
28:05 Ziggurat
28:05 Ziggurat
28:06 Ziggurat
31:15 Beastiary
31:18 Beastiary
52:39 Orc Burrow
52:39 Orc Burrow
52:40 Orc Burrow
53:07 Great Hall
53:14 Great Hall
» items
| Healing Salve | 2 | |
| Lesser Clarity Potion | 4 | |
| Potion of Healing | 3 | |
| Boots of Speed | 1 | |
| Staff of Teleportation | 1 | |
| Orb of Lightning | 1 | |
| Tiny Great Hall | 1 | |
| Scroll of Town Portal | 2 | |
| Potion of Mana | 5 | |
20 total

»
halo99 (
orange | 30 APM | 678 actions | 22:40)
3 Blademaster
1 Wind Walk
1 Critical Strike
1 Mirror Image
» actions
| Basic commands | 1 | |
| Build / train | 46 | |
| Enter build submenu | 12 | |
| Enter hero's abilities submenu | 3 | |
| Right click | 222 | |
| Select / deselect | 363 | |
| Use ability | 31 | |
678 total
» units
» upgrades
| Ranged Weapons | 2 | |
| Burning Oil | 1 | |
| Armor | 1 | |
4 total
» buildings
| Altar of Storms | 1 | |
| War Mill | 2 | |
| Orc Burrow | 6 | |
| Stronghold | 1 | |
| Barracks | 2 | |
| Fortress | 1 | |
| Voodoo Lounge | 1 | |
| Watch Tower | 1 | |
15 total
» build order
00:37 Altar of Storms
00:43 War Mill
01:00 Orc Burrow
01:24 Orc Burrow
02:27 Orc Burrow
02:59 Stronghold
03:27 Orc Burrow
04:22 Barracks
04:24 Barracks
04:59 War Mill
05:22 Fortress
06:35 Orc Burrow
06:36 Orc Burrow
07:44 Voodoo Lounge
08:49 Watch Tower
» items
| Tiny Great Hall | 2 | |
| Scroll of Town Portal | 4 | |
6 total
GAC (
yellow | 24 APM | 560 actions | 23:04)
4 Paladin
2 Divine Shield
2 Holy Light
» actions
| Build / train | 81 | |
| Enter build submenu | 24 | |
| Enter hero's abilities submenu | 5 | |
| Give item / drop item | 2 | |
| Right click | 252 | |
| Select / deselect | 155 | |
| Use ability | 41 | |
560 total
» units
| Peasant | 15 | |
| Rifleman | 8 | |
| Flying Machine | 16 | |
| Knight | 6 | |
| Siege Engine | 1 | |
| Mortar Team | 2 | |
| Frost Wyrm | 5 | |
53 total
» upgrades
| Backpack | 1 | |
| Armor | 2 | |
| Gunpowder | 1 | |
| Lumber Harvesting | 1 | |
| Masonry | 1 | |
| Plating | 1 | |
| Flying Machine Bombs | 1 | |
| Flak Cannons | 1 | |
| Animal War Training | 1 | |
| Unholy Strength | 1 | |
| Unholy Armor | 1 | |
| Creature Carapace | 1 | |
13 total
» buildings
| Altar of Kings | 1 | |
| Farm | 8 | |
| Blacksmith | 1 | |
| Barracks | 2 | |
| Lumber Mill | 1 | |
| Scout Tower | 5 | |
| Arcane Vault | 1 | |
| Arcane Tower | 2 | |
| Keep | 1 | |
| Guard Tower | 1 | |
| Workshop | 3 | |
| Town Hall | 2 | |
| Castle | 1 | |
29 total
» build order
00:54 Altar of Kings
01:06 Farm
01:14 Blacksmith
01:26 Barracks
01:41 Farm
02:08 Farm
02:40 Lumber Mill
02:53 Scout Tower
03:29 Arcane Vault
03:48 Barracks
04:14 Arcane Tower
04:37 Scout Tower
04:44 Farm
04:55 Farm
05:12 Farm
05:24 Keep
06:39 Farm
06:41 Arcane Tower
06:53 Scout Tower
07:58 Guard Tower
08:02 Workshop
08:09 Workshop
08:19 Workshop
09:28 Town Hall
10:26 Castle
11:10 Scout Tower
19:54 Town Hall
20:01 Farm
20:07 Scout Tower
» items
| Staff of Teleportation | 1 | |
| Potion of Healing | 1 | |
| Scroll of Town Portal | 3 | |
5 total
team 2 (loser)

»
CloakOfFlames (
green | 101 APM | 5501 actions | 54:20)
8 Death Knight
3 Death Coil
3 Unholy Aura
1 Animate Dead
1 Death Pact
» actions
| Assign group hotkey | 51 | |
| Basic commands | 801 | |
| Build / train | 203 | |
| ESC pressed | 32 | |
| Enter build submenu | 69 | |
| Enter hero's abilities submenu | 8 | |
| Give item / drop item | 3 | |
| Right click | 1595 | |
| Select / deselect | 814 | |
| Select group hotkey | 1703 | |
| Use ability | 222 | |
5501 total
» units
| Acolyte | 42 | |
| Ghoul | 9 | |
| Crypt Fiend | 9 | |
| Goblin Zeppelin | 6 | |
| Goblin Shredder | 3 | |
| Obsidian Statue | 2 | |
| Meatwagon | 1 | |
| Gargoyle | 4 | |
76 total
» upgrades
| Creature Attack | 4 | |
| Creature Carapace | 3 | |
| Web | 1 | |
| Burrow | 1 | |
| Ghoul Frenzy | 1 | |
| Destroyer Form | 1 | |
| Stone Form | 1 | |
| Cannibalize | 1 | |
| Backpack | 1 | |
| Unholy Armor | 3 | |
| Unholy Strength | 2 | |
| Swords | 1 | |
| Plating | 1 | |
| Armor | 1 | |
| Masonry | 1 | |
| Spiked Barricades | 1 | |
| Ranged Weapons | 1 | |
25 total
» buildings
| Graveyard | 2 | |
| Crypt | 5 | |
| Ziggurat | 30 | |
| Altar of Darkness | 1 | |
| Tomb of Relics | 1 | |
| Nerubian Tower | 2 | |
| Necropolis | 12 | |
| Halls of the Dead | 11 | |
| Spirit Tower | 44 | |
| Black Citadel | 3 | |
| Slaughterhouse | 1 | |
| Sacrificial Pit | 1 | |
113 total
» build order
00:11 Graveyard
00:19 Crypt
00:42 Ziggurat
01:01 Altar of Darkness
01:15 Tomb of Relics
01:54 Ziggurat
03:34 Ziggurat
04:39 Nerubian Tower
06:02 Necropolis
07:00 Ziggurat
07:01 Halls of the Dead
07:01 Halls of the Dead
07:02 Ziggurat
07:47 Ziggurat
08:09 Spirit Tower
08:15 Nerubian Tower
08:15 Spirit Tower
08:15 Spirit Tower
08:18 Ziggurat
08:21 Ziggurat
08:43 Spirit Tower
08:43 Spirit Tower
09:17 Spirit Tower
09:18 Spirit Tower
09:24 Necropolis
10:50 Ziggurat
11:12 Ziggurat
11:14 Ziggurat
11:38 Halls of the Dead
11:38 Halls of the Dead
12:39 Graveyard
12:54 Necropolis
12:59 Necropolis
13:06 Ziggurat
13:07 Ziggurat
13:08 Ziggurat
13:09 Ziggurat
13:12 Ziggurat
13:25 Ziggurat
13:26 Ziggurat
14:03 Spirit Tower
14:04 Spirit Tower
14:05 Spirit Tower
14:06 Spirit Tower
14:06 Spirit Tower
14:06 Spirit Tower
14:06 Spirit Tower
14:16 Spirit Tower
14:17 Spirit Tower
14:17 Spirit Tower
14:18 Spirit Tower
14:29 Black Citadel
14:29 Black Citadel
14:35 Crypt
14:36 Crypt
14:39 Slaughterhouse
15:06 Ziggurat
15:08 Ziggurat
15:09 Ziggurat
15:12 Spirit Tower
15:12 Spirit Tower
15:13 Spirit Tower
16:35 Spirit Tower
16:35 Spirit Tower
16:54 Ziggurat
16:55 Ziggurat
16:56 Ziggurat
16:58 Sacrificial Pit
17:23 Ziggurat
17:24 Ziggurat
17:50 Spirit Tower
17:51 Spirit Tower
17:51 Spirit Tower
17:51 Spirit Tower
17:51 Spirit Tower
17:52 Spirit Tower
17:52 Spirit Tower
17:52 Spirit Tower
18:22 Spirit Tower
18:23 Spirit Tower
18:32 Crypt
18:33 Crypt
18:43 Halls of the Dead
18:43 Halls of the Dead
28:15 Necropolis
31:03 Ziggurat
31:04 Ziggurat
31:05 Ziggurat
31:07 Ziggurat
31:09 Halls of the Dead
31:09 Halls of the Dead
31:14 Necropolis
32:17 Spirit Tower
36:57 Necropolis
38:17 Necropolis
39:10 Necropolis
40:44 Necropolis
41:06 Necropolis
41:47 Necropolis
» items
| Rod of Necromancy | 1 | |
| Scroll of Town Portal | 6 | |
| Orb of Corruption | 1 | |
| Staff of Teleportation | 1 | |
9 total

»
spermie (
blue | 46 APM | 1992 actions | 42:59)
5 Shadow Hunter
3 Healing Wave
2 Hex
4 Far Seer
2 Feral Spirit
2 Chain Lighting
3 Tauren Chieftain
2 War Stomp
1 Shockwave
» actions
| Assign group hotkey | 18 | |
| Basic commands | 10 | |
| Build / train | 78 | |
| Enter build submenu | 29 | |
| Enter hero's abilities submenu | 12 | |
| Give item / drop item | 3 | |
| Right click | 919 | |
| Select / deselect | 399 | |
| Select group hotkey | 443 | |
| Use ability | 81 | |
1992 total
» units
| Peon | 18 | |
| Grunt | 6 | |
| Goblin Shredder | 1 | |
| Goblin Zeppelin | 1 | |
| Shaman | 9 | |
| Tauren | 6 | |
41 total
» upgrades
| Shaman Training | 2 | |
| Pulverize | 1 | |
| Melee Weapons | 3 | |
| Armor | 3 | |
9 total
» buildings
| Orc Burrow | 18 | |
| Barracks | 1 | |
| Altar of Storms | 1 | |
| Stronghold | 1 | |
| War Mill | 1 | |
| Voodoo Lounge | 1 | |
| Fortress | 1 | |
| Great Hall | 3 | |
| Spirit Lodge | 1 | |
| Tauren Totem | 3 | |
31 total
» build order
00:33 Orc Burrow
00:49 Barracks
01:05 Orc Burrow
01:45 Altar of Storms
02:15 Orc Burrow
03:37 Orc Burrow
06:22 Stronghold
06:27 Orc Burrow
06:30 War Mill
06:43 Voodoo Lounge
08:50 Fortress
09:32 Great Hall
09:46 Great Hall
10:14 Spirit Lodge
10:16 Orc Burrow
11:29 Tauren Totem
11:32 Tauren Totem
11:34 Tauren Totem
13:10 Great Hall
13:18 Orc Burrow
25:32 Orc Burrow
25:34 Orc Burrow
25:37 Orc Burrow
28:50 Orc Burrow
28:52 Orc Burrow
28:54 Orc Burrow
28:56 Orc Burrow
29:01 Orc Burrow
29:03 Orc Burrow
29:56 Orc Burrow
29:59 Orc Burrow
» items
| Orb of Lightning | 1 | |
| Potion of Healing | 2 | |
| Scroll of Speed | 1 | |
| Scroll of Town Portal | 3 | |
| Lesser Clarity Potion | 2 | |
9 total
allagree (
purple | 113 APM | 6103 actions | 54:13)
6 Archmage
3 Summon Water Elemental
2 Brilliance Aura
1 Mass Teleport
5 Paladin
3 Holy Light
2 Divine Shield
» actions
| Assign group hotkey | 290 | |
| Basic commands | 373 | |
| Build / train | 148 | |
| ESC pressed | 3 | |
| Enter build submenu | 39 | |
| Enter hero's abilities submenu | 12 | |
| Give item / drop item | 12 | |
| Right click | 1906 | |
| Select / deselect | 676 | |
| Select group hotkey | 2354 | |
| Use ability | 290 | |
6103 total
» units
| Peasant | 24 | |
| Footman | 22 | |
| Mortar Team | 14 | |
| Siege Engine | 9 | |
69 total
» upgrades
| Defend | 2 | |
| Lumber Harvesting | 2 | |
| Masonry | 3 | |
| Flare | 1 | |
| Fragmentation Shards | 1 | |
| Barrage | 1 | |
| Gunpowder | 3 | |
| Plating | 3 | |
| Armor | 3 | |
| Animal War Training | 1 | |
20 total
» buildings
| Altar of Kings | 1 | |
| Farm | 13 | |
| Barracks | 1 | |
| Arcane Vault | 1 | |
| Town Hall | 3 | |
| Scout Tower | 14 | |
| Arcane Tower | 2 | |
| Lumber Mill | 1 | |
| Keep | 1 | |
| Blacksmith | 2 | |
| Castle | 1 | |
| Workshop | 3 | |
| Guard Tower | 5 | |
48 total
» build order
00:08 Altar of Kings
00:11 Farm
00:28 Barracks
00:51 Farm
01:32 Farm
02:53 Arcane Vault
03:04 Farm
03:55 Town Hall
05:02 Scout Tower
05:26 Scout Tower
05:42 Arcane Tower
05:46 Lumber Mill
05:53 Arcane Tower
06:10 Keep
06:13 Blacksmith
06:43 Farm
06:44 Farm
06:46 Farm
06:50 Farm
06:53 Farm
08:07 Farm
08:34 Castle
09:43 Workshop
09:45 Workshop
09:48 Workshop
12:56 Scout Tower
12:59 Scout Tower
13:02 Scout Tower
13:05 Scout Tower
13:08 Scout Tower
13:16 Scout Tower
13:17 Scout Tower
13:32 Guard Tower
13:49 Guard Tower
17:22 Blacksmith
18:32 Guard Tower
19:21 Scout Tower
21:13 Guard Tower
25:17 Farm
25:18 Farm
25:21 Farm
27:58 Town Hall
28:01 Scout Tower
28:03 Scout Tower
28:07 Scout Tower
28:09 Scout Tower
31:41 Town Hall
31:45 Guard Tower
» items
| Scroll of Regeneration | 6 | |
| Circlet of Nobility | 2 | |
| Potion of Lesser Invulnerability | 2 | |
| Periapt of Vitality | 2 | |
| Boots of Speed | 3 | |
| Scroll of Town Portal | 2 | |
| Staff of Teleportation | 1 | |
18 total
MITT.ROMNEY2012 (
red | 13 APM | 311 actions | 24:09)
1 Archmage
1 Blizzard
» actions
| Assign group hotkey | 3 | |
| Basic commands | 4 | |
| Build / train | 44 | |
| ESC pressed | 1 | |
| Enter build submenu | 19 | |
| Enter hero's abilities submenu | 1 | |
| Give item / drop item | 1 | |
| Remove unit from queue | 1 | |
| Right click | 54 | |
| Select / deselect | 144 | |
| Select group hotkey | 5 | |
| Use ability | 34 | |
311 total
» units
» upgrades
| Gunpowder | 2 | |
| Lumber Harvesting | 1 | |
3 total
» buildings
| Keep | 1 | |
| Altar of Kings | 1 | |
| Farm | 15 | |
| Arcane Vault | 2 | |
| Blacksmith | 1 | |
| Lumber Mill | 1 | |
| Workshop | 5 | |
26 total
» build order
03:34 Keep
17:22 Altar of Kings
17:26 Farm
17:37 Farm
17:39 Farm
17:40 Farm
18:07 Arcane Vault
18:20 Arcane Vault
18:31 Blacksmith
18:43 Lumber Mill
19:09 Workshop
19:11 Workshop
19:30 Workshop
19:32 Workshop
19:35 Farm
19:36 Farm
19:38 Farm
19:39 Farm
19:40 Farm
20:20 Farm
20:21 Farm
20:23 Farm
20:24 Farm
20:53 Farm
20:55 Farm
22:13 Workshop
» items
| Scroll of Town Portal | 6 | |
| Potion of Mana | 1 | |
7 total
Chat log
(00:05 / Allies) spermie: oh shit
(00:10 / Allies) spermie: we have red that wont move
(00:30 / Allies) CloakOfFlames: I'll take him as an expo
(00:41 / Allies) spermie: he is ard
(00:44 / Allies) spermie: just tat he don move
(00:51 / Allies) CloakOfFlames: speak English please
(01:00 / Allies) allagree: morta tank
(01:10 / Allies) spermie: taurens shams
(01:47 / All) CloakOfFlames: Mitt is doing nothing in his base, similar to he and every possible President
(01:51 / All) CloakOfFlames: he is afk just like if he were in office
(02:00 / All) halo99: ;)
(02:09 / All) CloakOfFlames: Well I have chat hack orange
(02:11 / All) CloakOfFlames: Gj telling me
(02:13 / All) CloakOfFlames: dumb fag
(02:17 / All) halo99: :)
(02:23 / All) PhiuckYiu: mitt and his followers are cancer
(02:23 / All) halo99: Its ok idc
(02:26 / All) CloakOfFlames: What maphack do you use?
(02:37 / All) halo99: not map hack u dip
(02:38 / All) MITT.ROMNEY2012: Romney 2012
(02:47 / All) CloakOfFlames: You said you hack
(02:55 / All) halo99: dont mean map hack
(02:59 / All) CloakOfFlames: Drophack?
(03:04 / All) halo99: u fail
(03:11 / All) halo99: its an original hack
(03:15 / All) CloakOfFlames: Oh?
(03:18 / All) CloakOfFlames: You programmed it?
(03:18 / All) PITIFUL-BULLDOG: farm hack?
(03:21 / All) halo99: duhhz
(03:22 / All) PITIFUL-BULLDOG: farm hack used to be funny
(03:25 / All) CloakOfFlames: Sure you did, sport
(03:28 / All) CloakOfFlames: You're a skiddie
(03:30 / All) spermie: its pathetic with the usa population, the country can only produce this kind of presidential candidate
(03:35 / All) halo99: u will see
(03:54 / All) MITT.ROMNEY2012: the US is 90% hicks, 1% blacks, 1% uber rich people
(03:57 / All) MITT.ROMNEY2012: it's a big fat joke
(05:40 / All) halo99: u use map hack green?
(05:43 / All) CloakOfFlames: No
(05:47 / All) halo99: ok
(05:53 / All) CloakOfFlames: Why do you ask?
(05:53 / All) halo99: u should
(06:01 / All) halo99: cuz i can counter them :)
(06:07 / All) CloakOfFlames: Oh? How so?
(06:21 / All) halo99: Mhmm other hacks that block hacks
(06:39 / All) halo99: g
(08:56 / All) CloakOfFlames: So why haven't you revealed your selfmade hack yet?
(09:22 / All) halo99: cuz it it take time and i might not use it cuz i like your bases
(09:39 / All) CloakOfFlames: you said you didn't have mh
(09:51 / All) halo99: i dont use them
(09:56 / All) halo99: but i might
(09:58 / All) CloakOfFlames: then what do you mean you like our bases
(10:14 / All) halo99: cuz i have bm u dipshit
(10:28 / All) CloakOfFlames: pretty bad at harass then
(10:34 / All) halo99: no need
(10:40 / All) CloakOfFlames: oh really?
(10:41 / All) halo99: u only tier 2
(11:05 / All) CloakOfFlames: if you weren't terrible you'd know what that means
(11:53 / All) halo99: fast build hack bitch
(11:58 / All) CloakOfFlames: that's called a tiny hall
(12:07 / All) halo99: lol i know
(12:16 / Allies) MITT.ROMNEY2012: anyone need gold?
(12:18 / Allies) MITT.ROMNEY2012: i got some left over
(12:21 / All) CloakOfFlames: that isn't worth every demo btw
(12:46 / All) CloakOfFlames: so cost effective
(13:39 / Allies) allagree: wood 100
(13:50 / Allies) allagree: ty
(14:00 / All) halo99: soo green
(14:12 / All) CloakOfFlames: yeah?
(14:16 / All) halo99: idk
(14:25 / All) halo99: nice flares
(15:27 / All) halo99: good thing i froze my gold at 1000
(15:36 / All) CloakOfFlames: sure you did
(15:50 / All) MITT.ROMNEY2012: i got so much gold
(15:56 / All) MITT.ROMNEY2012: and i aint giving any to the masses
(18:48 / Allies) spermie: when rdy lets go hit
(18:59 / Allies) CloakOfFlames: they have wyrms
(19:12 / All) CloakOfFlames: sup
(20:13 / All) CloakOfFlames: lol!
(20:19 / All) CloakOfFlames: are you hacks working right?
(20:23 / All) CloakOfFlames: or are you just bad
(20:23 / All) PhiuckYiu: GG
(20:31 / All) MITT.ROMNEY2012: im not even helping
(20:41 / Allies) allagree: hit
(20:42 / All) PhiuckYiu: i have no idea what my retard teammates are doing
(20:44 / All) PhiuckYiu: but im over it
(20:58 / All) CloakOfFlames: turn on your drophack bro!
(21:10 / All) MITT.ROMNEY2012: im gonna tk now
(21:12 / Allies) spermie: wer is green
(21:45 / Allies) CloakOfFlames: red threatened to tk
(21:46 / Allies) CloakOfFlames: kill him
(21:52 / All) spermie: like your name suggested, thats the thing u do best
(22:05 / Allies) allagree: come
(22:14 / All) halo99: im board
(22:21 / All) CloakOfFlames: nice try
(22:32 / All) halo99: not even a try
(22:37 / All) CloakOfFlames: sure lol
(23:34 / Allies) CloakOfFlames: not sure you realise
(23:38 / Allies) CloakOfFlames: that I have multiple halls
(24:02 / All) MITT.ROMNEY2012: ROMNEY RYAN 2012
(24:26 / Allies) spermie: he left
(24:41 / Allies) spermie: green u tk me?
(24:45 / Allies) CloakOfFlames: yes
(24:52 / Allies) spermie: go ahead
(24:55 / Allies) CloakOfFlames: ok
(24:57 / Allies) spermie: anyway its a boring game
(25:21 / Allies) spermie: u n red is not any better
(25:28 / All) CloakOfFlames: cool
(25:32 / All) CloakOfFlames: Blue is mad
(25:42 / All) spermie: why shd i be mad
(25:46 / All) CloakOfFlames: You lost
(25:48 / All) CloakOfFlames: Time for you to leave
(29:09 / Allies) allagree: ?
(29:13 / All) CloakOfFlames: No idea why my team is still here
(29:14 / All) allagree: team kill
(29:16 / Allies) spermie: geen tk us
(29:18 / All) CloakOfFlames: Time for you to leave
(29:21 / All) PITIFUL-BULLDOG: i know lawl
(29:21 / All) CloakOfFlames: You too blue
(30:10 / All) CloakOfFlames: purple trying to fight back, cute
(30:34 / All) spermie: green shutup
(30:38 / All) spermie: u can only tk
(30:42 / All) spermie: wat else can u do
(30:54 / All) PITIFUL-BULLDOG: can u guys plz give me my win
(30:58 / All) PITIFUL-BULLDOG: i earne dit
(31:01 / All) spermie: take it
(31:13 / All) spermie: red tked, followed by green
(31:21 / All) PITIFUL-BULLDOG: i know lawl
(32:19 / All) allagree: fucking team killer
(32:23 / All) PITIFUL-BULLDOG: lawl
(32:33 / All) spermie: purple u leaving? or we just afk
(32:47 / All) PITIFUL-BULLDOG: i earned this win
(32:50 / All) PITIFUL-BULLDOG: 100%
(34:54 / All) spermie: wow teal
(35:32 / All) PITIFUL-BULLDOG: oww
(37:19 / All) spermie: u guys not attacking?
(37:25 / Allies) CloakOfFlames: he is harassing me
(37:38 / Allies) spermie: i don mean u son of a bitch
(37:39 / All) PITIFUL-BULLDOG: you guys still dont know
(37:49 / Allies) spermie: i belive u don even know who is your dad
(37:55 / All) PITIFUL-BULLDOG: me and green are homosexual lovers. we live in the same apartment together.
(38:07 / Allies) spermie: cos your mom is one fucking slut that got fucked by every guy she met
(38:19 / All) CloakOfFlames: It's a he, not a she
(38:27 / All) CloakOfFlames: He is a post-op FtM
(38:39 / Allies) CloakOfFlames: that base is useless btw
(38:43 / All) spermie: anyway u r one fucking dirty bastard
(38:48 / All) PITIFUL-BULLDOG: lolz
(38:55 / All) PITIFUL-BULLDOG: im the "man" in our relationship
(38:59 / All) PITIFUL-BULLDOG: he is obedient to me
(41:29 / Allies) spermie: purple i m leaving
(41:33 / Allies) spermie: such a boring game
(45:52 / All) CloakOfFlames: I have every building on our side of the map queued up after purple's units
(45:56 / All) CloakOfFlames: This could go on forever in theory
(46:02 / All) CloakOfFlames: until he runs out of allied structures to nuke
(46:52 / Allies) CloakOfFlames: tank there btw
(46:57 / Allies) CloakOfFlames: use it to help me kill all of our stuff faster
(50:05 / All) CloakOfFlames: Are you having fun, purple
(50:06 / All) allagree: kill me
(50:17 / All) allagree: not u
(54:00 / All) CloakOfFlames: nice try
(54:06 / All) allagree: good
(54:12 / All) allagree: enjoy
(54:17 / All) CloakOfFlames: my team gets the loss